[Event "7th Iberoamerican-ch 2019"]
[Site "Linares"]
[Date "2019.08.10"]
[Round "1.27"]
[White "Zambrana, Oswaldo"]
[Black "Arroyo Rodriguez, Jesus"]
[Result "1-0"]
[ECO "B35"]
[WhiteElo "2440"]
[BlackElo "2121"]
[Annotator "NA"]
[PlyCount "61"]
[EventDate "2019.08.10"]
[EventType "swiss"]
[EventCountry "ESP"]
[SourceTitle "playchess.com"]
[Source "ChessBase"]
[SourceQuality "1"]
[TimeControl "5400+30"]

1. e4 c5 2. Nf3 g6 3. d4 cxd4 4. Nxd4 Bg7 5. Nc3 Nc6 6. Be3 Nf6 7. Bc4 Qa5 8. O-O O-O 9. Nb3 Qc7 10. Bg5 e6 11. Be2 a6 12. Qd2 b5 13. a3 d6 14. Rad1 Rd8 15. Qf4 Ne8 16. Qh4 f6 17. Bh6 Ne5 18. f4 Nc4 19. Bxg7 Kxg7 20. Bxc4 bxc4 21. Nd4 Rb8 22. f5 g5 23. Qh3 exf5 24. exf5 Rxb2 25. Rfe1 Qf7 26. Re2 Nc7 27. Rde1 Re8 28. Rxe8 Nxe8 29. Nc6 Kh8 30. Re7 Qg8 31. Nd8 1-0

[Event "7th Iberoamerican-ch 2019"]
[Site "Linares"]
[Date "2019.08.10"]
[Round "1.28"]
[White "Carrasco Sagredo, Manuel"]
[Black "Huerga Leache, Mikel"]
[Result "0-1"]
[ECO "B31"]
[WhiteElo "2106"]
[BlackElo "2440"]
[Annotator "NA"]
[PlyCount "86"]
[EventDate "2019.08.10"]
[EventType "swiss"]
[EventCountry "ESP"]
[SourceTitle "playchess.com"]
[Source "ChessBase"]
[SourceQuality "1"]
[TimeControl "5400+30"]

1. e4 c5 2. Nf3 Nc6 3. Bb5 g6 4. Bxc6 bxc6 5. O-O Bg7 6. Re1 e5 7. b3 d6 8. Bb2 Ne7 9. Na3 O-O 10. Nc4 f5 11. d3 h6 12. Bc3 g5 13. Ba5 Qd7 14. c3 Ng6 15. exf5 Rxf5 16. d4 exd4 17. cxd4 g4 18. Nfd2 Bxd4 19. Qxg4 Qg7 20. Re8+ Kh7 21. Rxc8 Bxf2+ 22. Kf1 Qxa1+ 23. Ke2 Qe1+ 24. Kd3 Rxc8 25. Qxf5 Rf8 26. Qd7+ Qe7 27. Qxe7+ Nxe7 28. Nxd6 Nd5 29. N2e4 Bg1 30. g3 Bxh2 31. Nb7 Bxg3 32. Nbxc5 Bc7 33. Bd2 Bb6 34. Ne6 Re8 35. Nd4 Bxd4 36. Kxd4 Kg6 37. Nd6 Re2 38. Kd3 Re6 39. Nc4 h5 40. Kd4 h4 41. Ne5+ Rxe5 42. Kxe5 h3 43. Bf4 Nxf4 0-1

[Event "7th Iberoamerican-ch 2019"]
[Site "Linares"]
[Date "2019.08.10"]
[Round "1.29"]
[White "Ladron De Guevara Pinto, Paolo"]
[Black "Luque Saiz, Andres"]
[Result "1-0"]
[ECO "B11"]
[WhiteElo "2416"]
[BlackElo "1988"]
[Annotator "NA"]
[PlyCount "93"]
[EventDate "2019.08.10"]
[EventType "swiss"]
[EventCountry "ESP"]
[SourceTitle "playchess.com"]
[Source "ChessBase"]
[SourceQuality "1"]
[TimeControl "5400+30"]

1. e4 c6 2. Nc3 d5 3. Nf3 Bg4 4. h3 Bxf3 5. Qxf3 e6 6. Be2 Nd7 7. O-O Ngf6 8. d4 dxe4 9. Nxe4 Nxe4 10. Qxe4 Nf6 11. Qe3 Bd6 12. c4 O-O 13. b3 Qd7 14. a4 Rfd8 15. Bb2 Qe7 16. Rfd1 Rac8 17. Rd3 b6 18. Rad1 Nd7 19. Qd2 Bb4 20. Qc1 Kf8 21. Bf3 c5 22. d5 e5 23. d6 Qf6 24. Bd5 Qh4 25. Qe3 Re8 26. Be4 Rcd8 27. Bf5 Qf6 28. Qe4 g6 29. Bg4 h5 30. Rf3 Qg7 31. Bxd7 Rxd7 32. Rd5 Kg8 33. Rxe5 Rxe5 34. Bxe5 Qf8 35. Rf6 Bd2 36. f4 Kh7 37. Qe2 Ba5 38. f5 Qe8 39. Kf1 a6 40. fxg6+ fxg6 41. Bb2 Qg8 42. Qf2 Rd8 43. Rf7+ Kh6 44. Qf4+ g5 45. Rf6+ Kh7 46. Qf5+ Kh8 47. Rh6# 1-0

[Event "7th Iberoamerican-ch 2019"]
[Site "Linares"]
[Date "2019.08.10"]
[Round "1.30"]
[White "Paiva, Henrique M A Alberga"]
[Black "Damaso, Rui"]
[Result "0-1"]
[ECO "A04"]
[WhiteElo "2122"]
[BlackElo "2425"]
[Annotator "NA"]
[PlyCount "62"]
[EventDate "2019.08.10"]
[EventType "swiss"]
[EventCountry "ESP"]
[SourceTitle "playchess.com"]
[Source "ChessBase"]
[SourceQuality "1"]
[TimeControl "5400+30"]

1. Nf3 d6 2. e4 Nf6 3. Nc3 c6 4. a4 Bg4 5. Be2 e6 6. d4 Be7 7. O-O d5 8. exd5 cxd5 9. Ne5 Bxe2 10. Nxe2 Nc6 11. Nd3 Ne4 12. f3 Nd6 13. c3 O-O 14. Ng3 Rc8 15. Qe2 Re8 16. Bf4 Bf8 17. Bxd6 Qxd6 18. f4 Na5 19. Rae1 g6 20. f5 exf5 21. Qxe8 Rxe8 22. Rxe8 Qd7 23. Rfe1 Kg7 24. b4 Nc4 25. a5 Bd6 26. Nc5 Qc6 27. Nf1 b6 28. axb6 axb6 29. Nd3 Na3 30. Rd8 Bc7 31. Ne5 Qxc3 0-1

[Event "7th Iberoamerican-ch 2019"]
[Site "Linares"]
[Date "2019.08.10"]
[Round "1.31"]
[White "Gines Esteo, Pedro Antonio"]
[Black "Ingunza Curro, Andres"]
[Result "1-0"]
[ECO "A04"]
[WhiteElo "2404"]
[BlackElo "2131"]
[Annotator "NA"]
[PlyCount "73"]
[EventDate "2019.08.10"]
[EventType "swiss"]
[EventCountry "ESP"]
[SourceTitle "playchess.com"]
[Source "ChessBase"]
[SourceQuality "1"]
[TimeControl "5400+30"]

1. Nf3 e6 2. b3 Nf6 3. Bb2 d5 4. c4 Be7 5. e3 O-O 6. Nc3 b6 7. cxd5 exd5 8. d4 Bb7 9. Bd3 Nbd7 10. O-O Re8 11. Rc1 a6 12. Ne2 Bf8 13. Nf4 c5 14. Bf5 cxd4 15. Qxd4 Nc5 16. Rfd1 Ne6 17. Bxe6 fxe6 18. Ne5 Bc5 19. Qd3 a5 20. Bd4 Ba6 21. Qb1 Rc8 22. Qa1 Qe7 23. h4 Ne4 24. Nf3 Nd6 25. Ng5 Qd7 26. Qb1 Nf5 27. Nfxe6 g6 28. Bxc5 Rxe6 29. Nxe6 Qxe6 30. Bd4 Nxh4 31. f3 Rf8 32. Qc2 Rxf3 33. Qc7 Nf5 34. Qd8+ Kf7 35. Rc7+ Ne7 36. gxf3 Be2 37. Rdc1 1-0

[Event "7th Iberoamerican-ch 2019"]
[Site "Linares"]
[Date "2019.08.10"]
[Round "1.32"]
[White "Silva, Goncalo Nuno Neto Pi"]
[Black "Plazuelo Pascual, Juan"]
[Result "0-1"]
[ECO "C01"]
[WhiteElo "2085"]
[BlackElo "2403"]
[Annotator "NA"]
[PlyCount "82"]
[EventDate "2019.08.10"]
[EventType "swiss"]
[EventCountry "ESP"]
[SourceTitle "playchess.com"]
[Source "ChessBase"]
[SourceQuality "1"]
[TimeControl "5400+30"]

1. e4 e6 2. d4 d5 3. exd5 exd5 4. Nf3 Bd6 5. c4 Nf6 6. Nc3 O-O 7. c5 Be7 8. Be2 b6 9. cxb6 axb6 10. O-O Bb7 11. Bg5 h6 12. Bh4 c5 13. Qb3 c4 14. Qc2 Nc6 15. Rad1 Ra5 16. Ne5 Nxe5 17. dxe5 Nd7 18. Bg3 Qa8 19. Bg4 Nc5 20. b4 cxb3 21. axb3 d4 22. Rxd4 Bxg2 23. Rfd1 Ne6 24. Rd7 Bh1 25. f3 Bxf3 26. Bxf3 Qxf3 27. Rxe7 Ng5 28. Qg2 Qxc3 29. Red7 Ra1 30. Rxa1 Qxa1+ 31. Qf1 Qb2 32. Qd3 Ne6 33. Qf3 Nd4 34. Qf2 Qb1+ 35. Kg2 Qe4+ 36. Kf1 Nxb3 37. Qf4 Qb1+ 38. Kg2 Qc2+ 39. Kh3 Nc5 40. Rd6 Ne6 41. Qf2 Qe4 0-1

[Event "7th Iberoamerican-ch 2019"]
[Site "Linares"]
[Date "2019.08.10"]
[Round "1.33"]
[White "Cori T., Deysi"]
[Black "Martinez-Conde Hernandez, Carlos"]
[Result "1-0"]
[ECO "A49"]
[WhiteElo "2405"]
[BlackElo "2085"]
[Annotator "NA"]
[PlyCount "81"]
[EventDate "2019.08.10"]
[EventType "swiss"]
[EventCountry "ESP"]
[SourceTitle "playchess.com"]
[Source "ChessBase"]
[SourceQuality "1"]
[TimeControl "5400+30"]

1. d4 Nf6 2. Nf3 g6 3. g3 Bg7 4. Bg2 O-O 5. O-O d6 6. b3 e5 7. dxe5 dxe5 8. Bb2 Qxd1 9. Rxd1 Nc6 10. Nxe5 Ng4 11. Nc4 Nce5 12. Nba3 Rb8 13. Bd4 b6 14. Nxe5 Nxe5 15. f4 Ng4 16. Nb5 Bxd4+ 17. Rxd4 c5 18. Rd3 Ba6 19. a4 Rbd8 20. Rad1 Rxd3 21. Rxd3 Re8 22. e4 Bxb5 23. axb5 Re7 24. e5 Kg7 25. Bf3 Nh6 26. g4 Ng8 27. g5 h6 28. h4 hxg5 29. hxg5 Rc7 30. c4 Ne7 31. Bg4 Kf8 32. Rd8+ Kg7 33. Kf2 Rb7 34. Kf3 Rc7 35. Ke4 Rb7 36. Ra8 Ng8 37. Kd5 Ne7+ 38. Kd6 Nf5+ 39. Bxf5 gxf5 40. Re8 Kg6 41. Kc6 1-0

[Event "7th Iberoamerican-ch 2019"]
[Site "Linares"]
[Date "2019.08.10"]
[Round "1.34"]
[White "Avila Fraire, Ameyalli"]
[Black "Lopez Mulet, Inigo"]
[Result "0-1"]
[ECO "B40"]
[WhiteElo "2038"]
[BlackElo "2378"]
[Annotator "NA"]
[PlyCount "64"]
[EventDate "2019.08.10"]
[EventType "swiss"]
[EventCountry "ESP"]
[SourceTitle "playchess.com"]
[Source "ChessBase"]
[SourceQuality "1"]
[TimeControl "5400+30"]

1. e4 c5 2. Nf3 e6 3. g3 Nc6 4. Bg2 Nf6 5. Qe2 Be7 6. O-O d5 7. d3 O-O 8. c4 dxe4 9. dxe4 Nd4 10. Qd3 Qb6 11. b3 Ng4 12. Bb2 Rd8 13. h3 Bf6 14. Nxd4 Ne5 15. Qd2 cxd4 16. Na3 Be7 17. Nc2 Nxc4 18. bxc4 Qxb2 19. Rfb1 Qc3 20. Qxc3 dxc3 21. e5 Rd2 22. Bxb7 Bxb7 23. Rxb7 Bc5 24. Rc1 Rxf2 25. Kh1 h5 26. Rb3 Rd8 27. Rb5 Rdd2 28. Rxc5 Rxc2 29. Rb1 Rh2+ 30. Kg1 Rcg2+ 31. Kf1 Rh1+ 32. Kxg2 Rxb1 0-1

[Event "7th Iberoamerican-ch 2019"]
[Site "Linares"]
[Date "2019.08.10"]
[Round "1.35"]
[White "Merario Alarcon, Andres"]
[Black "Jesus Reyes, Javier"]
[Result "1-0"]
[ECO "E71"]
[WhiteElo "2400"]
[BlackElo "2026"]
[Annotator "NA"]
[PlyCount "59"]
[EventDate "2019.08.10"]
[EventType "swiss"]
[EventCountry "ESP"]
[SourceTitle "playchess.com"]
[Source "ChessBase"]
[SourceQuality "1"]
[TimeControl "5400+30"]

1. d4 Nf6 2. c4 g6 3. Nc3 Bg7 4. e4 d6 5. h3 O-O 6. Be3 c5 7. d5 e6 8. Bd3 exd5 9. exd5 Re8 10. Nf3 Nbd7 11. O-O Nh5 12. Qd2 Ne5 13. Be2 Nxf3+ 14. Bxf3 Nf6 15. Bf4 Bf5 16. Rfe1 Qb6 17. g4 Bd7 18. Kh2 Rxe1 19. Rxe1 Re8 20. g5 Nh5 21. Rxe8+ Bxe8 22. Bxh5 gxh5 23. Ne4 Bxb2 24. Bxd6 Bd4 25. Qf4 Ba4 26. Be5 Qb2 27. Bf6 h6 28. gxh6 Bxf6 29. Nxf6+ Kh8 30. Qb8+ 1-0

[Event "7th Iberoamerican-ch 2019"]
[Site "Linares"]
[Date "2019.08.10"]
[Round "1.36"]
[White "Garcia Morales, Ivette Ale"]
[Black "Teran Alvarez, Ismael"]
[Result "1/2-1/2"]
[ECO "A40"]
[WhiteElo "1998"]
[BlackElo "2392"]
[Annotator "NA"]
[PlyCount "62"]
[EventDate "2019.08.10"]
[EventType "swiss"]
[EventCountry "ESP"]
[SourceTitle "playchess.com"]
[Source "ChessBase"]
[SourceQuality "1"]
[TimeControl "5400+30"]

1. d4 e6 2. Nf3 f5 3. g3 Nf6 4. Bg2 d5 5. O-O Bd6 6. c4 c6 7. b3 Qe7 8. a4 a5 9. Ba3 Bxa3 10. Nxa3 O-O 11. Ne5 Nbd7 12. Nxd7 Bxd7 13. Qc1 Be8 14. Nc2 Bh5 15. Qd2 Kh8 16. f4 b6 17. Bf3 Rad8 18. c5 bxc5 19. Qxa5 cxd4 20. Nxd4 Ra8 21. Qb6 Bxf3 22. exf3 c5 23. Qxe6 Qb7 24. Nb5 g6 25. Rac1 Ra6 26. Qe3 c4 27. bxc4 Rxa4 28. Nd6 Qa7 29. Qxa7 Rxa7 30. c5 Rc7 31. Nb5 Rb7 1/2-1/2

[Event "7th Iberoamerican-ch 2019"]
[Site "Linares"]
[Date "2019.08.10"]
[Round "1.37"]
[White "Valenzuela Gomez, Fernando"]
[Black "Gines Abad, Pedro"]
[Result "1-0"]
[ECO "D15"]
[WhiteElo "2394"]
[BlackElo "1964"]
[Annotator "NA"]
[PlyCount "127"]
[EventDate "2019.08.10"]
[EventType "swiss"]
[EventCountry "ESP"]
[SourceTitle "playchess.com"]
[Source "ChessBase"]
[SourceQuality "1"]
[TimeControl "5400+30"]

1. d4 d5 2. c4 c6 3. Nf3 Nf6 4. Nc3 Bg4 5. Ne5 Bh5 6. cxd5 Nxd5 7. Qb3 Qb6 8. Qxb6 axb6 9. Nxd5 cxd5 10. e3 f6 11. Bb5+ Kd8 12. Nd3 e6 13. Bd2 Be8 14. Bxe8 Kxe8 15. O-O Nc6 16. f3 Bd6 17. a4 Kd7 18. b3 Rhc8 19. Rac1 Ne7 20. Kf2 Rc6 21. Rxc6 bxc6 22. Rc1 h5 23. e4 dxe4 24. fxe4 f5 25. e5 Bc7 26. Nf4 Nd5 27. Nxh5 Rh8 28. Nf4 Nxf4 29. Bxf4 Rh4 30. Kf3 Bd8 31. h3 Be7 32. Rh1 Rh8 33. Be3 Ra8 34. Rd1 Ra5 35. d5 b5 36. Bb6 Ra6 37. dxc6+ Kxc6 38. a5 Ra8 39. Rc1+ Kd5 40. Rc7 Bb4 41. Rd7+ Kc6 42. Rxg7 Bxa5 43. Bxa5 Rxa5 44. Kf4 Ra2 45. Rg3 Re2 46. h4 Re4+ 47. Kg5 Rxe5 48. Kf6 Re1 49. Rh3 f4 50. h5 Re3 51. Rh1 f3 52. g4 f2 53. Rf1 Rxb3 54. Rxf2 Rh3 55. Kxe6 b4 56. Kf5 b3 57. Kg6 Kd5 58. g5 Rc3 59. h6 Rc6+ 60. Kh5 Rc2 61. Rf8 b2 62. Rb8 Ke5 63. h7 Kf5 64. Rb5+ 1-0

[Event "7th Iberoamerican-ch 2019"]
[Site "Linares"]
[Date "2019.08.10"]
[Round "1.38"]
[White "Serrano Garcia, Luis"]
[Black "Vega Gutierrez, Sabrina"]
[Result "0-1"]
[ECO "B24"]
[WhiteElo "1902"]
[BlackElo "2385"]
[Annotator "NA"]
[PlyCount "48"]
[EventDate "2019.08.10"]
[EventType "swiss"]
[EventCountry "ESP"]
[SourceTitle "playchess.com"]
[Source "ChessBase"]
[SourceQuality "1"]
[TimeControl "5400+30"]

1. e4 c5 2. Nc3 Nc6 3. Bc4 a6 4. a4 e6 5. Nf3 Nf6 6. e5 d5 7. exf6 dxc4 8. Nd4 cxd4 9. fxg7 Bxg7 10. Ne4 O-O 11. d3 Qd5 12. O-O Kh8 13. Re1 cxd3 14. Qxd3 f5 15. Ng5 e5 16. Qh3 h6 17. Ra3 f4 18. Qh4 Bf5 19. Nf3 Rae8 20. Qh5 Qd6 21. Bxf4 Bg6 22. Bxe5 Rxe5 23. Qg4 Rxf3 24. Rxe5 Rxa3 0-1

[Event "7th Iberoamerican-ch 2019"]
[Site "Linares"]
[Date "2019.08.10"]
[Round "1.39"]
[White "Mieles Palau, Daniel"]
[Black "Diaz Mino, Daniel"]
[Result "1-0"]
[ECO "B23"]
[WhiteElo "2359"]
[BlackElo "1835"]
[Annotator "NA"]
[PlyCount "77"]
[EventDate "2019.08.10"]
[EventType "swiss"]
[EventCountry "ESP"]
[SourceTitle "playchess.com"]
[Source "ChessBase"]
[SourceQuality "1"]
[TimeControl "5400+30"]

1. e4 c5 2. Nc3 d6 3. Nf3 Nf6 4. e5 dxe5 5. Nxe5 g6 6. Bc4 e6 7. d3 Bg7 8. Bg5 O-O 9. Qf3 h6 10. Bh4 Nbd7 11. Nxd7 Bxd7 12. Qxb7 Rb8 13. Qxa7 Rxb2 14. O-O g5 15. Bg3 Nh5 16. Ne4 Nxg3 17. hxg3 Bc6 18. Rad1 Rxc2 19. Bb3 Rb2 20. Qxc5 Qa8 21. Rfe1 Rd8 22. Rc1 Bb7 23. Qe7 Bxe4 24. Rxe4 Re8 25. Qc7 Rd2 26. Re3 Qa3 27. Rf3 Rf8 28. Rc4 Qb2 29. Re4 Qb1+ 30. Kh2 Rxd3 31. Bc2 Qxa2 32. Rxd3 Qa8 33. Rf3 Qe8 34. Qd6 Qc8 35. Bb3 Rd8 36. Qb6 Re8 37. Rc4 Qa8 38. Rc7 Rf8 39. Rfxf7 1-0

[Event "7th Iberoamerican-ch 2019"]
[Site "Linares"]
[Date "2019.08.10"]
[Round "1.40"]
[White "Montesinos Diaz, Luis"]
[Black "Cruz Ravina, Francisco Javier"]
[Result "0-1"]
[ECO "A48"]
[WhiteElo "1808"]
[BlackElo "2363"]
[Annotator "NA"]
[PlyCount "112"]
[EventDate "2019.08.10"]
[EventType "swiss"]
[EventCountry "ESP"]
[SourceTitle "playchess.com"]
[Source "ChessBase"]
[SourceQuality "1"]
[TimeControl "5400+30"]

1. d4 Nf6 2. Nf3 g6 3. Bg5 Bg7 4. Nbd2 d6 5. e4 O-O 6. c3 Nc6 7. Bc4 e5 8. dxe5 Nxe5 9. Nxe5 dxe5 10. O-O Qe7 11. Qe2 h6 12. Bh4 Rd8 13. Rfd1 Be6 14. Bb3 c6 15. Nc4 Qc5 16. Nd2 Bg4 17. Nf3 g5 18. Bg3 Nh5 19. Rd3 Nxg3 20. hxg3 Rxd3 21. Qxd3 Qe7 22. Rd1 Bf6 23. Rd2 Qc7 24. Nh2 Bh5 25. Qd6 Qxd6 26. Rxd6 Kg7 27. Rd7 Rb8 28. f3 Bd8 29. g4 Bg6 30. Kf1 Kf8 31. Ke2 Ke8 32. Rd2 Bb6 33. Nf1 h5 34. gxh5 Bxh5 35. Ng3 Bg6 36. Bc2 Ke7 37. Rd1 Rh8 38. Rh1 Rxh1 39. Nxh1 f6 40. Ng3 Bf7 41. Nf5+ Kd7 42. Bb3 Bxb3 43. axb3 a5 44. Ne3 Bxe3 45. Kxe3 Kd6 46. Kd3 Kc5 47. Kc2 Kb5 48. Kd3 c5 49. Kc2 a4 50. bxa4+ Kxa4 51. b3+ Ka3 52. c4 g4 53. fxg4 Ka2 54. Kc3 Kb1 55. b4 Ka2 56. bxc5 Ka3 {[%emt 0:00:07] Kd4} 0-1

[Event "7th Iberoamerican-ch 2019"]
[Site "Linares"]
[Date "2019.08.11"]
[Round "2.5"]
[White "Plazuelo Pascual, Juan"]
[Black "Lopez Martinez, Josep Manuel"]
[Result "1-0"]
[ECO "E10"]
[WhiteElo "2403"]
[BlackElo "2581"]
[Annotator "ChessBase"]
[PlyCount "171"]
[EventDate "2019.08.10"]
[EventType "swiss"]
[EventCountry "ESP"]
[SourceTitle "playchess.com"]
[Source "ChessBase"]
[SourceQuality "1"]
[TimeControl "5400+30"]

1. d4 Nf6 2. c4 e6 3. Nf3 c5 4. d5 d6 5. Nc3 exd5 6. cxd5 a6 7. e4 Bg4 8. Be2 Nbd7 9. Nd2 Bxe2 10. Qxe2 b5 11. a4 b4 12. Nd1 Be7 13. O-O O-O 14. Nc4 Re8 15. Qd3 Bf8 16. f3 g6 17. Bg5 Ne5 18. Nxe5 Rxe5 19. f4 Rxg5 20. fxg5 Nd7 21. Qg3 Qe7 22. Ne3 Bg7 23. Rab1 Qxe4 24. Ng4 Ne5 25. Nf6+ Bxf6 26. gxf6 h6 27. Rbd1 c4 28. Rd2 Kh7 29. Re1 Qf5 30. Rf1 Qg5 31. Qxg5 hxg5 32. Rd4 a5 33. g4 Rc8 34. Kg2 c3 35. bxc3 Rxc3 36. Rb1 Ra3 37. Re4 Rxa4 38. Rxe5 dxe5 39. Kf3 Kg8 40. Ke4 b3+ 41. Kxe5 Rb4 42. d6 Rb5+ 43. Kd4 Rb8 44. Kc5 a4 45. d7 Kh7 46. Kc6 Ra8 47. Kc7 a3 48. Rxb3 a2 49. Rh3+ Kg8 50. Ra3 Rxa3 51. d8=Q+ Kh7 52. Qf8 Ra7+ 53. Kb6 Ra6+ 54. Kb5 Rxf6 55. Qa3 Rf2 56. Qa7 Rb2+ 57. Kc4 Kg8 58. h3 Rc2+ 59. Kd3 Rh2 60. Ke4 Rxh3 61. Qxa2 Rg3 62. Ke5 Kg7 63. Qe2 Rb3 64. Kd6 Rb6+ 65. Kd5 Re6 66. Qb2+ Kh7 67. Qb8 Kg7 68. Qc8 Re2 69. Qc3+ Kg8 70. Qc1 Re8 71. Qxg5 Re2 72. Qc1 Re8 73. Qc3 Re2 74. g5 Re8 75. Kd6 Re6+ 76. Kd7 Re4 77. Qb3 Re2 78. Kd6 Kg7 79. Qc4 Re8 80. Kd7 Ra8 81. Qd4+ Kg8 82. Ke7 Rc8 83. Qf4 Rf8 84. Qf6 Ra8 85. Qxf7+ Kh8 86. Qf8+ {Kg8} 1-0

[Event "7th Iberoamerican-ch 2019"]
[Site "Linares"]
[Date "2019.08.11"]
[Round "2.6"]
[White "Lopez Mulet, Inigo"]
[Black "Albornoz Cabrera, Carlos Daniel"]
[Result "0-1"]
[ECO "E68"]
[WhiteElo "2378"]
[BlackElo "2566"]
[Annotator "ChessBase"]
[PlyCount "106"]
[EventDate "2019.08.10"]
[EventType "swiss"]
[EventCountry "ESP"]
[SourceTitle "playchess.com"]
[Source "ChessBase"]
[SourceQuality "1"]
[TimeControl "5400+30"]

1. d4 Nf6 2. c4 g6 3. g3 Bg7 4. Bg2 O-O 5. Nc3 d6 6. Nf3 Nbd7 7. O-O e5 8. e4 exd4 9. Nxd4 Re8 10. Re1 a6 11. Bf4 Rb8 12. a4 Ne5 13. b3 Nh5 14. Bc1 Bg4 15. Qd2 c5 16. Nc2 Nf3+ 17. Bxf3 Bxf3 18. Qd3 Bxc3 19. Qxc3 Bxe4 20. Bb2 f6 21. Ne3 Qd7 22. g4 Re5 23. Qd2 Rg5 24. h3 Nf4 25. f3 Bxf3 26. Rf1 Ne2+ 27. Kh2 Nd4 28. Bxd4 cxd4 29. Qxd4 Bc6 30. Rxf6 Re8 31. Qf4 Rge5 32. Rf1 Qd8 33. Qh6 R5e7 34. Nd5 Bxd5 35. cxd5 Re2+ 36. Kh1 Qe7 37. Rf7 Qxf7 38. Rxf7 Kxf7 39. Qxh7+ Kf6 40. h4 Ke5 41. Qf7 Kd4 42. Qf4+ Kd3 43. Kg1 Re1+ 44. Kg2 R8e2+ 45. Kg3 Re3+ 46. Kf2 R1e2+ 47. Kf1 Re4 48. Qxd6 Rxg4 49. Qb6 Rf4+ 50. Kg1 Rg4+ 51. Kf1 Ree4 52. d6 Ref4+ 53. Ke1 Rg2 0-1

[Event "7th Iberoamerican-ch 2019"]
[Site "Linares"]
[Date "2019.08.11"]
[Round "2.7"]
[White "Henriquez Villagra, Cristobal"]
[Black "Merario Alarcon, Andres"]
[Result "1-0"]
[ECO "C50"]
[WhiteElo "2560"]
[BlackElo "2400"]
[Annotator "ChessBase"]
[PlyCount "65"]
[EventDate "2019.08.10"]
[EventType "swiss"]
[EventCountry "ESP"]
[SourceTitle "playchess.com"]
[Source "ChessBase"]
[SourceQuality "1"]
[TimeControl "5400+30"]

1. e4 e5 2. Nf3 Nc6 3. Bc4 Nf6 4. d3 Bc5 5. O-O d6 6. c3 h6 7. Re1 O-O 8. Nbd2 a5 9. Nf1 a4 10. Ng3 Bd7 11. d4 Bb6 12. h3 Re8 13. dxe5 Nxe5 14. Nxe5 Rxe5 15. Bf4 Re8 16. Qd3 Bc6 17. Rad1 Ra5 18. a3 Nd7 19. Nf5 Qf6 20. Qg3 Kh8 21. Bd3 Nc5 22. Nd4 Nxd3 23. Rxd3 Rxe4 24. Rxe4 Bxe4 25. Re3 Bg6 26. Re8+ Kh7 27. Be3 c5 28. Nf3 Bf5 29. Ng5+ hxg5 30. Bxg5 Qe5 31. Rxe5 dxe5 32. Qh4+ Kg8 33. Bd8 1-0

[Event "7th Iberoamerican-ch 2019"]
[Site "Linares"]
[Date "2019.08.11"]
[Round "2.8"]
[White "Valenzuela Gomez, Fernando"]
[Black "Cruz, Cristhian"]
[Result "0-1"]
[ECO "E21"]
[WhiteElo "2394"]
[BlackElo "2562"]
[Annotator "ChessBase"]
[PlyCount "114"]
[EventDate "2019.08.10"]
[EventType "swiss"]
[EventCountry "ESP"]
[SourceTitle "playchess.com"]
[Source "ChessBase"]
[SourceQuality "1"]
[TimeControl "5400+30"]

1. d4 Nf6 2. c4 e6 3. Nc3 Bb4 4. Nf3 b6 5. Bd2 Bb7 6. e3 O-O 7. Bd3 c5 8. O-O d6 9. a3 Bxc3 10. Bxc3 Nbd7 11. b4 Re8 12. Nd2 Rc8 13. bxc5 dxc5 14. Bb2 Qc7 15. f4 cxd4 16. exd4 Rcd8 17. Qe2 Nf8 18. Qf2 Ng6 19. Rae1 Ng4 20. Qg3 Nh6 21. Nf3 Qxf4 22. Bxg6 Qxg3 23. Bxf7+ Nxf7 24. hxg3 Ba6 25. Rf2 Bxc4 26. Ne5 Nd6 27. Rc1 Rc8 28. g4 h6 29. Re1 Bd5 30. Ree2 Rc7 31. a4 Rec8 32. a5 Ne4 33. axb6 axb6 34. Rf4 Rc2 35. Rxc2 Rxc2 36. Ba3 Ng3 37. Rf8+ Kh7 38. Rf2 Ne2+ 39. Kf1 Nxd4 40. Rxc2 Nxc2 41. Bc1 b5 42. g3 Nd4 43. Kf2 Nc6 44. Nxc6 Bxc6 45. Bb2 g5 46. Ke3 Kg6 47. Bc3 Bd5 48. Be5 b4 49. Bd6 b3 50. Be5 Bg2 51. Kd3 Bh3 52. Kc3 Bxg4 53. Kxb3 Kf5 54. Bb8 Ke4 55. Kc3 h5 56. Kd2 Kf3 57. Ke1 Kg2 0-1

[Event "7th Iberoamerican-ch 2019"]
[Site "Linares"]
[Date "2019.08.11"]
[Round "2.9"]
[White "Vega Gutierrez, Sabrina"]
[Black "Martinez Duany, Lelys Stanley"]
[Result "0-1"]
[ECO "C99"]
[WhiteElo "2385"]
[BlackElo "2535"]
[Annotator "ChessBase"]
[PlyCount "120"]
[EventDate "2019.08.10"]
[EventType "swiss"]
[EventCountry "ESP"]
[SourceTitle "playchess.com"]
[Source "ChessBase"]
[SourceQuality "1"]
[TimeControl "5400+30"]

1. e4 e5 2. Nf3 Nc6 3. Bb5 a6 4. Ba4 Nf6 5. O-O Be7 6. Re1 b5 7. Bb3 d6 8. c3 O-O 9. h3 Na5 10. Bc2 c5 11. d4 Qc7 12. Nbd2 cxd4 13. cxd4 Rd8 14. d5 Bd7 15. Nf1 Rdc8 16. Bd3 Nb7 17. Be3 Nc5 18. Rc1 Qb8 19. Ng3 Nxd3 20. Qxd3 Qb7 21. b4 Bd8 22. Qb1 Bb6 23. Bxb6 Qxb6 24. Rxc8+ Rxc8 25. Rc1 Rc7 26. Rc2 a5 27. bxa5 Qxa5 28. Rxc7 Qxc7 29. Qb4 h5 30. Nf1 g6 31. Ne3 Kg7 32. Kh2 Be8 33. a3 Bd7 34. Nd2 Ne8 35. Nb3 Qd8 36. Nc1 h4 37. Nd3 Qc7 38. Kg1 Nf6 39. Kf1 Nh5 40. Qd2 Kg8 41. Qc1 Qxc1+ 42. Nxc1 f5 43. exf5 gxf5 44. Nd3 Kf7 45. Nb4 Kf6 46. Ke2 Kg5 47. Nf1 Nf4+ 48. Kf3 e4+ 49. Ke3 Nxg2+ 50. Kd4 Nf4 51. f3 exf3 52. Ke3 Nxh3 53. Kxf3 Nf4 54. Ne3 Ng6 55. Nec2 Ne5+ 56. Kg2 f4 57. Nd4 h3+ 58. Kh2 Kh4 59. Nbc2 f3 60. Ne3 Ng4+ 0-1

[Event "7th Iberoamerican-ch 2019"]
[Site "Linares"]
[Date "2019.08.11"]
[Round "2.10"]
[White "Krysa, Leandro"]
[Black "Mieles Palau, Daniel"]
[Result "1/2-1/2"]
[ECO "A06"]
[WhiteElo "2517"]
[BlackElo "2359"]
[Annotator "ChessBase"]
[PlyCount "69"]
[EventDate "2019.08.10"]
[EventType "swiss"]
[EventCountry "ESP"]
[SourceTitle "playchess.com"]
[Source "ChessBase"]
[SourceQuality "1"]
[TimeControl "5400+30"]

1. Nf3 d5 2. g3 Nf6 3. Bg2 g6 4. d4 Bg7 5. c4 dxc4 6. Na3 O-O 7. O-O c6 8. Nxc4 Be6 9. b3 Nbd7 10. Bb2 Bd5 11. e3 c5 12. Rc1 Rc8 13. Qe2 cxd4 14. Nxd4 Bxg2 15. Kxg2 Nb6 16. Ne5 Qd5+ 17. Ndf3 Ne4 18. Rfd1 Qa5 19. Bd4 Rfd8 20. Qb2 Rxc1 21. Rxc1 f6 22. Nc4 Nxc4 23. Rxc4 a6 24. Qc2 Ng5 25. Rc5 Qb4 26. Nxg5 fxg5 27. Rc4 Qa5 28. Bxg7 Kxg7 29. Qe4 Rd7 30. Rd4 Qc7 31. Rxd7 Qxd7 32. g4 Kf7 33. h3 b5 34. Qa8 Qd6 35. a4 1/2-1/2

[Event "7th Iberoamerican-ch 2019"]
[Site "Linares"]
[Date "2019.08.11"]
[Round "2.11"]
[White "Cruz Ravina, Francisco Javier"]
[Black "Cuenca Jimenez, Jose Fernando"]
[Result "0-1"]
[ECO "E63"]
[WhiteElo "2363"]
[BlackElo "2534"]
[Annotator "ChessBase"]
[PlyCount "102"]
[EventDate "2019.08.10"]
[EventType "swiss"]
[EventCountry "ESP"]
[SourceTitle "playchess.com"]
[Source "ChessBase"]
[SourceQuality "1"]
[TimeControl "5400+30"]

1. Nf3 Nf6 2. c4 g6 3. g3 Bg7 4. Bg2 O-O 5. O-O d6 6. d4 Nc6 7. Nc3 a6 8. d5 Na5 9. b3 Rb8 10. Bb2 b5 11. cxb5 axb5 12. a3 c5 13. dxc6 Nxc6 14. b4 Qb6 15. e3 Be6 16. Re1 Bc4 17. Bf1 d5 18. Bxc4 dxc4 19. Qe2 e6 20. Red1 Rfd8 21. Rxd8+ Rxd8 22. Rd1 Rxd1+ 23. Qxd1 Qb7 24. Ne1 Nd5 25. Qd2 Bxc3 26. Bxc3 Nxc3 27. Qxc3 Qa8 28. h4 Qa4 29. Kf1 Qd1 30. Qc2 Qa1 31. Qe4 Ne7 32. Qd4 Qxd4 33. exd4 Kf8 34. Ke2 Nd5 35. Kd2 Ke7 36. Nf3 f6 37. Kc2 Kd6 38. Nd2 f5 39. Nf1 Nf6 40. f3 Nd5 41. Kd2 e5 42. dxe5+ Kxe5 43. Ne3 Nxe3 44. Kxe3 h6 45. g4 f4+ 46. Kd2 Kd4 47. h5 gxh5 48. gxh5 c3+ 49. Kc1 Kd3 50. Kd1 c2+ 51. Kc1 Kc3 0-1